 Dungeon Crawl Stone Soup version 0.30.1-3-gfc49f6343a (webtiles) character file.

Game seed: 2093466680338875282

13146 Almogavar the Basher (level 12, -11/77 HPs)
             Began as a Gargoyle Fighter on Aug 2, 2023.
             Was a High Priest of Okawaru.
             Mangled by a cyclops (19 damage)
             ... on level 10 of the Dungeon.
             The game lasted 00:37:41 (10470 turns).

Almogavar the Basher (Gargoyle Fighter)            Turns: 10470, Time: 00:37:41

Health: -11/77     AC: 40    Str: 25    XL:     12   Next: 2%
Magic:  10/12      EV: 16    Int: 21    God:    Okawaru [*****.]
Gold:   507        SH:  8    Dex:  9    Spells: 11/11 levels left

rFire   . . .        B - +1 mace (protect)
rCold   + . .        T - +2 buckler {AC+3}
rNeg    + . .        E - +3 scale mail {rC+}
rPois   ∞            (no helmet)
rElec   +            P - +2 cloak "Lait" {Int+6}
rCorr   .            f - +0 pair of gloves
SInv    .            y - +1 pair of boots
Will    .....        G - amulet of regeneration
Stlth   ++           x - +5 ring of evasion
HPRegen 1.12/turn    F - +6 ring of intelligence
MPRegen 0.13/turn

%: no passive effects
@: heroic, under a protective aura, flying
A: sickness immunity, AC +8, negative energy resistance 1, electricity
resistance, torment resistance 1, petrification resistance
a: Renounce Religion, Heroism, Finesse, Duel


You were on level 10 of the Dungeon.
You worshipped Okawaru.
Okawaru was extremely pleased with you.
You visited 2 branches of the dungeon, and saw 11 of its levels.
You also visited: Bailey.

You collected 619 gold pieces.
You spent 112 gold pieces at shops.

Inventory:

Hand Weapons
 B - a +1 mace of protection (weapon)
 I - a +2 flail of holy wrath
Missiles
 g - 2 throwing nets (quivered)
Armour
 f - a +0 pair of gloves (worn)
 n - +0 steam dragon scales
 y - a +1 pair of boots (worn)
 E - a +3 scale mail of cold resistance (worn)
 O - the +0 pair of boots "Jeivaqon" {rPois rF+ MP+9}
   (You found it on level 9 of the Dungeon)

   rF:        It protects you from fire.
   rPois:     It protects you from poison.
   MP:        It affects your magic capacity (+9).
 P - the +2 cloak "Lait" (worn) {Int+6}
   (You found it on level 9 of the Dungeon)

   Int:       It affects your intelligence (+6).
 Q - a +0 pair of boots of stealth
 R - a +0 crystal plate armour
 T - a +2 buckler of protection (worn)
Jewellery
 h - a ring of wizardry
 x - a +5 ring of evasion (left hand)
 F - a +6 ring of intelligence (right hand)
 G - an amulet of regeneration (around neck)
 S - the amulet "Peibom" {RegenMP rC+}
   (You acquired it in a bailey)

   [amulet of magic regeneration]

   It increases your rate of magic regeneration.
   rC:        It protects you from cold.
Wands
 b - a wand of polymorph (12)
 D - a wand of roots (13)
 J - a wand of flame (12)
 K - a wand of paralysis (3)
 M - a wand of digging (7)
Scrolls
 a - 2 scrolls of magic mapping
 e - a scroll of enchant weapon
 i - a scroll of teleportation
 j - 3 scrolls of fog
 k - 2 scrolls of identify
 r - 2 scrolls of poison
 u - 5 scrolls of blinking
 v - 3 scrolls of amnesia
 w - 4 scrolls of fear
 N - a scroll of enchant armour {unknown}
Potions
 d - a potion of might
 l - 3 potions of cancellation
 m - 4 potions of flight
 o - 6 potions of heal wounds
 p - 2 potions of haste {unknown}
 q - 2 potions of mutation {unknown}
 s - 4 potions of magic
 t - 3 potions of curing
 z - a potion of invisibility {unknown}
 A - a potion of resistance {unknown}
 C - a potion of ambrosia {unknown}
 H - a potion of berserk rage {unknown}
 L - 3 potions of brilliance {unknown}
Miscellaneous
 U - a piece from Xom's chessboard (15/15)


   Skills:
 + Level 10.1(15.1) Fighting
 + Level 13.9(18.9) Maces & Flails
 + Level 10.3(15.3) Armour
 + Level 1.5(6.5) Stealth
 - Level 5.0(10.0) Shields
 + Level 0.3 Invocations


You had 11 spell levels left.
You didn't know any spells.
Your spell library contained the following spells:

 Spells                   Type           Power      Damage    Failure   Level
 Freeze                   Ice            0%         1d3       36%         1
 Polar Vortex             Ice            0%         N/A       100%        9
 Summon Ice Beast         Ice/Summ       Unusable   N/A       N/A         4
 Simulacrum               Ice/Necr       Unusable   N/A       N/A         6

Dungeon Overview and Level Annotations

Branches:
Dungeon (10/15)            Temple (1/1) D:5            Lair (0/5) D:10
    Orc (0/2) D:9          Bailey (visited)

Altars:
Ashenzari
Cheibriados
Elyvilon
Gozag
Hepliaklqana
Kikubaaqudgha
Makhleb
Nemelex Xobeh
Okawaru
Qazlal
Ru
Sif Muna
Trog
Uskayaw
Vehumet
Wu Jian
Xom
Yredelemnul
Zin
The Shining One

Shops:
D:5 *   D:7 !   D:9 :   D:10 *

Annotations:
D:10 2 runed translucent doors


Innate Abilities, Weirdness & Mutations

You are immune to sickness and miasma.
Your stone body is resilient. (AC +8)
You are immune to poison.
You resist negative energy. (rN+)
You are resistant to electric shocks. (rElec)
You are resistant to unholy torment.
You are immune to petrification.


Message History

You sock the eye of devastation!
The eye of devastation is moderately wounded.
You hit the eye of devastation but do no damage.
The eye of devastation is moderately wounded.
You hit the eye of devastation but do no damage.
The eye of devastation is moderately wounded.
The eye of devastation gazes at you. The bolt of energy misses you.
You hit the eye of devastation.
The eye of devastation is moderately wounded.
The cyclops hits you!
You hit the eye of devastation.
The eye of devastation is moderately wounded.
You hit the eye of devastation but do no damage.
The eye of devastation is moderately wounded.
You gain the combat prowess of a mighty hero.
The cyclops hits you. The eye of devastation gazes at you.
The bolt of energy hits you!!
You hit the eye of devastation but do no damage.
The eye of devastation is moderately wounded.
The cyclops misses you.
You hit the eye of devastation.
The eye of devastation is moderately wounded.
You thump the eye of devastation!
The eye of devastation is severely wounded.
You block the cyclops's attack.
You hit the eye of devastation.
The eye of devastation is severely wounded.
You hit the eye of devastation.
The eye of devastation is severely wounded.
The cyclops hits you but does no damage.
You sock the eye of devastation!
The eye of devastation is almost dead.
The eye of devastation gazes at you. The bolt of energy hits you!!
* * * LOW HITPOINT WARNING * * *
You feel very buoyant.
You fly up into the air.
The cyclops hits you!!
You die...

...##'##### #.........###...'...
..........####.........#...###...
..........'..'.........'.### #...
..........####.).......### #...
..........[.)..........#######...
..........######.......##....≈≈≈≈
###'####.##8?)8##.#######.≈≈≈≈...
#.####.#8....8#...## ##.≈....⌠.
#....#.+....(G@)#..# #...._...∩
####.#.+.....C'.##'###..≈....⌠.
######'#.#8....8#..#>.....≈≈≈≈...
.........##8"!8##..#.#>##....≈≈≈≈
).........######.....#.##########
......###'# #'###..##
...[.##...###**#.#.##..#
.....#.#.##[#*,##.#§#..#
.....#.##.#.#*,,###D#..#


You could see an eye of devastation and a cyclops.

Vanquished Creatures
  An orc warlord (Bailey)
  A centaur warrior (D:10)
  A two-headed ogre (D:10)
  An orc knight (D:10)
  Joseph (D:7)
  An unseen horror (D:10)
  A troll (D:10)
  A polar bear (D:10)
  Grinder (D:6)
  A centaur simulacrum (D:10)
  Sigmund (D:6)
  A shadow (D:10)
  3 slime creatures (D:8)
  5 yaks (D:7)
  2 wyverns
  Eustachio (D:6)
  3 steam dragons
  Edmund (D:5)
  An acid dragon (D:10)
  3 water moccasins
  9 orc warriors
  2 black bears
  3 ice beasts
  5 wolves (D:10)
  3 ogres (D:5)
  A phantom (D:4)
  4 centaurs
  7 kobold brigands
  2 scorpions
  Blork the orc (D:6)
  2 bullfrogs
  4 wights (D:8)
  3 gnoll sergeants
  14 killer bees
  5 electric eels (D:10)
  5 howler monkeys
  A crimson imp (D:7)
  7 jellies
  A gnoll bouda (D:7)
  6 orc priests
  4 hounds
  4 iguanas
  A sleepcap (D:5)
  9 orc wizards
  Natasha (twice) (D:3)
  6 adders
  16 gnolls
  3 white imps
  2 dart slugs
  48 orcs
  4 ball pythons (D:1)
  13 endoplasms
  2 giant cockroaches
  8 goblins
  12 hobgoblins
  2 jackals (D:1)
  5 quokkas
  3 bats
  3 frilled lizards (D:1)
  27 kobolds
  2 rats (D:3)
292 creatures vanquished.

Vanquished Creatures (others)
  A two-headed ogre (D:10)
  3 orc wizards (D:5)
4 creatures vanquished.

Grand Total: 296 creatures vanquished

Notes
Turn   | Place    | Note
-------+----------+-------------------------------------------
     0 | D:1      | Almogavar the Gargoyle Fighter began the quest for the Orb.
     0 | D:1      | Reached XP level 1. HP: 14/14 MP: 1/1
    89 | D:1      | Reached XP level 2. HP: 2/19 MP: 2/2
   744 | D:1      | Reached XP level 3. HP: 24/24 MP: 3/3
  1999 | D:3      | Found an ornate altar of the Wu Jian Council.
  2180 | D:3      | Noticed Natasha
  2186 | D:3      | HP: 1/24 [Natasha (7)]
  2191 | D:3      | Killed Natasha
  2192 | D:3      | Reached XP level 4. HP: 5/29 MP: 4/4
  2461 | D:3      | Found a faded altar of an unknown god.
  2580 | D:3      | Noticed Natasha
  2595 | D:3      | Killed Natasha
  2800 | D:3      | Found a white marble altar of Elyvilon.
  2800 | D:3      | Found a snail-covered altar of Cheibriados.
  2917 | D:4      | Reached skill level 3 in Maces & Flails
  3006 | D:4      | Noticed a phantom
  3028 | D:4      | Killed a phantom
  3029 | D:4      | Reached XP level 5. HP: 27/33 MP: 5/5
  3130 | D:4      | Found a shimmering altar of Xom.
  3133 | D:4      | Found an ancient bone altar of Kikubaaqudgha.
  3142 | D:4      | Reached XP level 6. HP: 37/38 MP: 6/6
  3151 | D:4      | Reached skill level 4 in Maces & Flails
  3482 | D:5      | Entered Level 5 of the Dungeon
  3509 | D:5      | Reached skill level 5 in Armour
  3509 | D:5      | Reached skill level 5 in Shields
  3613 | D:5      | Reached XP level 7. HP: 20/44 MP: 7/7
  3734 | D:5      | Reached skill level 5 in Maces & Flails
  3815 | D:5      | Got the Annotations on the Tundra
  3996 | D:5      | Found a staircase to the Ecumenical Temple.
  4005 | Temple   | Entered the Ecumenical Temple
  4019 | Temple   | Became a worshipper of Warmaster Okawaru
  4182 | D:5      | Found Mioptey's Assorted Antiques.
  4222 | D:5      | Reached skill level 5 in Fighting
  4231 | D:5      | Reached skill level 6 in Maces & Flails
  4231 | D:5      | Reached XP level 8. HP: 47/49 MP: 8/8
  4672 | D:6      | Noticed Blork the orc
  4748 | D:6      | Noticed Edmund
  4749 | D:6      | Killed Blork the orc
  4777 | D:5      | Killed Edmund
  4777 | D:5      | Reached * piety under Okawaru
  4778 | D:5      | Reached skill level 7 in Maces & Flails
  4965 | D:6      | Noticed Eustachio
  4995 | D:6      | Killed Eustachio
  4996 | D:6      | Reached skill level 1 in Stealth
  5047 | D:6      | Noticed Sigmund
  5072 | D:6      | Killed Sigmund
  5073 | D:6      | Reached skill level 8 in Maces & Flails
  5073 | D:6      | Reached XP level 9. HP: 39/55 MP: 9/9
  5324 | D:6      | Noticed Grinder
  5340 | D:6      | Paralysed by Grinder for 5 turns
  5351 | D:6      | Paralysed by Grinder for 3 turns
  5361 | D:6      | Reached ** piety under Okawaru
  5361 | D:6      | Paralysed by Grinder for 3 turns
  5368 | D:6      | Killed Grinder
  5369 | D:6      | Reached skill level 9 in Maces & Flails
  5566 | D:6      | Found a shimmering blue altar of Sif Muna.
  6117 | D:7      | Found Novvic's Distillery.
  6120 | D:7      | Bought a potion of heal wounds for 70 gold pieces
  6120 | D:7      | Bought a potion of curing for 42 gold pieces
  6195 | D:7      | Reached *** piety under Okawaru
  6226 | D:7      | Reached skill level 10 in Maces & Flails
  6322 | D:7      | Reached XP level 10. HP: 47/63 MP: 10/10
  6349 | D:7      | Noticed Joseph
  6364 | D:7      | Paralysed by Joseph for 3 turns
  6392 | D:7      | Paralysed by Joseph for 4 turns
  6399 | D:7      | Killed Joseph
  6399 | D:7      | Reached **** piety under Okawaru
  6479 | D:7      | Found a radiant altar of Vehumet.
  6479 | D:7      | Found a burning altar of Makhleb.
  6603 | D:7      | Reached skill level 11 in Maces & Flails
  6857 | D:8      | Found a bloodstained altar of Trog.
  7069 | D:8      | Found a hide-covered altar of Uskayaw.
  7726 | D:8      | Received a gift from Okawaru
  7754 | D:8      | Reached skill level 12 in Maces & Flails
  8131 | D:9      | Reached ***** piety under Okawaru
  8137 | D:9      | Reached XP level 11. HP: 69/69 MP: 11/11
  8171 | D:9      | Identified the +0 pair of boots "Jeivaqon" {rPois rF+ MP+9}
  8240 | D:9      | Found a staircase to the Orcish Mines.
  8279 | D:9      | Identified the +2 cloak "Lait" {Int+6}
  8443 | D:9      | Found a glowing silver altar of Zin.
  8512 | D:9      | Found Ujyno's Book Boutique.
  8872 | D:10     | Entered Level 10 of the Dungeon
  8978 | D:10     | Found a flagged portal.
  8999 | Bailey   | Entered a bailey
  9017 | Bailey   | Noticed an orc warlord
  9157 | Bailey   | Found a runed translucent gate.
  9158 | Bailey   | Found a runed translucent gate.
  9160 | Bailey   | Found a runed translucent gate.
  9349 | Bailey   | Killed an orc warlord
  9349 | Bailey   | Received a gift from Okawaru
  9350 | Bailey   | Reached skill level 13 in Maces & Flails
  9395 | Bailey   | Acquired the amulet "Peibom" {RegenMP rC+}
  9561 | D:10     | Found Gozag's Platinum Reserve.
  9569 | D:10     | Found an opulent altar of Gozag.
  9591 | D:10     | Found a large runed translucent door.
  9591 | D:10     | Found a large runed translucent door.
  9593 | D:10     | Noticed a two-headed ogre
  9594 | D:10     | Found a large runed translucent door.
  9594 | D:10     | Found a large runed translucent door.
  9595 | D:10     | Noticed a cyclops
  9595 | D:10     | Noticed a cyclops
  9608 | D:10     | Killed a two-headed ogre
  9651 | D:10     | Identified the +0 robe of Muziyken {Will+ Dex+2}
  9895 | D:10     | Noticed a two-headed ogre
  9911 | D:10     | Killed a two-headed ogre
 10006 | D:10     | Reached skill level 10 in Armour
 10031 | D:10     | Found a staircase to the Lair.
 10215 | D:10     | Noticed an orc knight
 10248 | D:10     | Killed an orc knight
 10300 | D:10     | Reached skill level 10 in Fighting
 10317 | D:10     | Identified the staff of fire "Zacupn" {Contam rElec rPois
                  | rF+ Int-5}
 10317 | D:10     | Noticed a centaur warrior
 10356 | D:10     | Killed a centaur warrior
 10357 | D:10     | Reached XP level 12. HP: 27/77 MP: 12/12
 10470 | D:10     | Mangled by a cyclops

Illustrated notes

Levels and vault maps discovered:
D:1:      giann_horns, layout_loops_corners
D:2:      layout_basic, kennysheep_pointless_box,
          chequers_serial_rivers_large_a, kennysheep_generic_room_10
D:3:      layout_basic, nicolae_overflow_two_pavilions,
          mainiacjoe_overflow_cross_hatched,
          hellmonk_ecumenical_altar_heavens_door, serial_park_tiny_2,
          uniq_natasha
D:4:      layout_cave_pools, mainiacjoe_overflow_large_starburst
D:5:      layout_basic, minmay_temple_entry_trees, serial_shops,
          nicolae_shop_hallway_plus
D:6:      layout_cave_pools, led_sif_book, uniq_sigmund, uniq_edmund,
          uniq_eustachio, uniq_grinder, uniq_blork_the_orc
D:7:      layout_loops_cross, grunt_temple_overflow_lords_of_destruction,
          serial_shops, kennysheep_mini, uniq_joseph
D:8:      cheibrodos_fertilizer, layout_loops_ring,
          mainiacjoe_overflow_alcove_4, old_standard_altar
D:9:      layout_long_grid, mainiacjoe_overflow_brackets, david_orc_4,
          serial_shops, nicolae_shop_advertising_works
          [nicolae_subvault_shop_adworks]
D:10:     layout_roguey, nicolae_gozag_zags_fifth_avenue, erik_lair_island,
          enter_bailey_4, serial_ice, serial_ice_d, serial_ice_h, serial_ice_l,
          serial_ice_b, minmay_hollow_rounded_squares
Temple:   nicolae_temple_two_arcs

Skill      XL: |  1  2  3  4  5  6  7  8  9 10 11 |
---------------+----------------------------------+-----
Shields        | 4 5 |  5.0
Maces & Flails | 3 4 6 8 10 12 13 | 13.9
Armour         | 4 5 6 7 8 10 | 10.3
Fighting       | 4 5 6 7 8 10 | 10.1
Stealth        | 1 |  1.5
Invocations    | |  0.3

Action                     |  1- 3 |  4- 6 |  7- 9 | 10-12 || total
---------------------------+-------+-------+-------+-------++-------
  Melee: Flail             |   136 |   126 |       |       ||   262
         Mace              |       |     5 |   525 |  1187 ||  1717
 Invoke: Heroism           |       |       |       |     5 ||     5
  Evoke: Wand              |       |       |       |     2 ||     2
    Use: Potion            |     3 |       |       |     3 ||     6
         Scroll            |     2 |     1 |     3 |    13 ||    19
 Armour: Scale mail        |    71 |    67 |   260 |   624 ||  1022
  Dodge: Dodged            |    80 |    58 |   357 |   762 ||  1257
  Block: Buckler           |    20 |    27 |   106 |   288 ||   441
